 Dungeon Crawl Stone Soup version 0.32-a0-485-g70f7560b1c (webtiles) character file.

Game seed: 4034492387111618823

1556582 juan097 the Slayer (level 25, 244/245 HPs)
             Began as a Minotaur Fighter on Feb 25, 2024.
             Was an Initiate of Gozag.
             Escaped with the Orb
             ... and 3 runes on Feb 26, 2024!
             The game lasted 03:06:55 (77439 turns).

juan097 the Slayer (Minotaur Fighter)              Turns: 77439, Time: 03:06:55

Health: 244/245    AC: 37    Str: 28    XL:     25   Next: 61%
Magic:  44/44      EV: 21    Int: 14    God:    Gozag
Gold:   4305       SH: 18    Dex: 18    Spells: 29/32 levels left

rFire   + + +        a - +8 mithril axe "Arga" {speed, Will+}
rCold   + . .        X - +3 kite shield of the Shore {rElec rPois rF+}
rNeg    . . .        x - +10 scale mail of Oblivion {rF+ Int+4}
rPois   +            n - +3 hat of Pondering {ponderous, Will+ MP+10 Int+5}
rElec   +            m - +2 cloak {rCorr}
rCorr   +            Z - +2 pair of gloves {Dex+3}
SInv    +            B - +2 pair of boots
Will    +++..        s - amulet of Pony {rElec rF+ Regen+ Slay+3}
Stlth   +            g - ring of protection from cold {=R}
HPRegen 1.40/turn    i - ring "Eqomiczu" {rF+ MP+9 Dex+2 SInv}
MPRegen 0.29/turn

%: no passive effects
@: slow
A: horns 2, retaliatory headbutt, clumsy 1, low MP 1
0: Orb of Zot
}: 3/15 runes: decaying, silver, gossamer
a: Renounce Religion, Potion Petition, Call Merchant, Bribe Branch


You escaped.
You worshipped Gozag.
Gozag was most pleased with you.
You visited 9 branches of the dungeon, and saw 47 of its levels.
You visited 2 bazaars.
You also visited: Sewer and Ice Cave.

You collected 32415 gold pieces.
You spent 5915 gold pieces at shops.
You paid 22195 gold pieces to Gozag.

Inventory:

Hand Weapons
 a - the +8 mithril axe "Arga" (weapon) {speed, Will+}
   (You found it on level 13 of the Dungeon)

   Will+:     It increases your willpower.
 r - a +4 antimagic broad axe
Missiles
 c - 11 silver javelins (quivered)
 u - 2 curare-tipped darts
 N - 4 boomerangs
 T - 5 javelins
Armour
 m - a +2 cloak of preservation (worn)
 n - the +3 hat of Pondering (worn) {ponderous, Will+ MP+10 Int+5}
   (You took it off Gastronok on level 3 of the Lair of Beasts)

   Int+5:     It affects your intelligence (+5).
   Will+:     It increases your willpower.
   MP+10:     It affects your magic capacity (+10).
 x - the +10 scale mail of Oblivion (worn) {rF+ Int+4}
   (You bought it in a shop on level 2 of the Orcish Mines)

   Int+4:     It affects your intelligence (+4).
   rF+:       It protects you from fire.
 B - a +2 pair of boots (worn)
 X - the +3 kite shield of the Shore (worn) {rElec rPois rF+}
   (You acquired it on level 2 of the Elven Halls)

   rF+:       It protects you from fire.
   rElec:     It insulates you from electricity.
   rPois:     It protects you from poison
 Z - a +2 pair of gloves of dexterity (worn)
Jewellery
 g - a ring of protection from cold (left hand) {=R}
 h - a ring of willpower
 i - the ring "Eqomiczu" (right hand) {rF+ MP+9 Dex+2 SInv}
   (You took it off an ironbound preserver on level 5 of the Vaults)

   [ring of magical power]

   Dex+2:     It affects your dexterity (+2).
   rF+:       It protects you from fire.
   MP+9:      It affects your magic capacity (+9).
   SInv:      It lets you see invisible.
 l - the ring of Fun {EV+5 Dex+3}
   (You took it off a deep elf master archer on level 3 of the Elven Halls)

   [ring of evasion]

   EV+5:      It affects your evasion (+5).
   Dex+3:     It affects your dexterity (+3).
 s - the amulet of Pony (around neck) {rElec rF+ Regen+ Slay+3}
   (You took it off a deep elf death mage on level 3 of the Elven Halls)

   [amulet of regeneration]

   Slay+3:    It affects your accuracy & damage with ranged weapons and melee
   (+3).
   rF+:       It protects you from fire.
   rElec:     It insulates you from electricity.
   Regen+:    It increases your rate of health regeneration.
 E - a ring of positive energy
Wands
 w - a wand of quicksilver (32)
 I - a wand of roots (39)
 Q - a wand of digging (15)
Scrolls
 e - 5 scrolls of poison
 f - 13 scrolls of fog
 p - 6 scrolls of revelation
 v - 14 scrolls of teleportation
 A - 8 scrolls of immolation
 G - 7 scrolls of silence
 J - a scroll of vulnerability
 K - 4 scrolls of summoning
 M - 4 scrolls of blinking
 P - 3 scrolls of enchant armour
 S - 4 scrolls of fear
Potions
 b - a potion of mutation
 d - 6 potions of might
 j - 15 potions of curing
 k - 4 potions of berserk rage
 o - 8 potions of heal wounds
 q - 21 potions of attraction
 t - 4 potions of enlightenment
 z - 6 potions of ambrosia
 C - 8 potions of haste
 F - a potion of resistance
 H - 2 potions of cancellation
 W - 2 potions of invisibility
Miscellaneous
 D - a tin of tremorstones (2/2)
 O - a box of beasts
 R - a phial of floods
 Y - a lightning rod (4/4)


   Skills:
 + Level 24.0 Fighting
 - Level 20.0 Axes
 - Level 18.0 Throwing
 - Level 24.0 Armour
 - Level 18.0 Dodging
 - Level 8.0 Stealth
 - Level 17.0 Shields
 - Level 4.0 Spellcasting
 - Level 8.0 Translocations
 - Level 16.0 Evocations


You had 29 spell levels left.
You knew the following spells:

 Your Spells              Type           Power      Damage    Failure   Level
a - Apportation           Tloc           50%        N/A       1%          1
b - Blink                 Tloc           50%        N/A       1%          2

Your spell library contained the following spells:

 Spells                   Type           Power      Damage    Failure   Level
 Gell's Gravitas          Tloc           25%        N/A       4%          3
 Teleport Other           Tloc           25%        N/A       4%          3
 Passage of Golubria      Tloc           25%        N/A       14%         4
 Foxfire                  Conj/Fire      8%         2x1d4     36%         1
 Magic Dart               Conj           8%         1d3       36%         1
 Necrotise                Necr           8%         1d4       36%         1
 Slow                     Hex            8%         N/A       36%         1
 Sting                    Conj/Alch      8%         1d3       36%         1
 Summon Small Mammal      Summ           8%         N/A       36%         1
 Call Imp                 Summ           4%         N/A       50%         2
 Ensorcelled Hibernation  Hex/Ice        4%         N/A       50%         2
 Jinxbite                 Hex            4%         N/A       50%         2
 Mercury Vapours          Alch/Air       4%         N/A       50%         2
 Sublimation of Blood     Necr           2%         N/A       50%         2
 Dimensional Bullseye     Hex/Tloc       7%         N/A       56%         4
 Call Canine Familiar     Summ           2%         N/A       73%         3
 Confusing Touch          Hex            2%         N/A       73%         3
 Dazzling Flash           Conj/Hex       4%         N/A       73%         3
 Fugue of the Fallen      Necr           2%         N/A       73%         3
 Hailstorm                Conj/Ice       2%         3d5       73%         3
 Mephitic Cloud           Conj/Alch/Air  2%         N/A       73%         3
 Passwall                 Erth           2%         N/A       73%         3
 Sigil of Binding         Hex            2%         N/A       73%         3
 Summon Ice Beast         Ice/Summ       2%         N/A       73%         3
 Swiftness                Air            2%         N/A       73%         3
 Vampiric Draining        Necr           2%         2d6       73%         3
 Summon Forest            Summ/Tloc      7%         N/A       89%         5
 Dispersal                Tloc           12%        N/A       91%         6
 Anguish                  Hex/Necr       1%         N/A       98%         4
 Animate Armour           Summ/Erth      4%         N/A       98%         4
 Fulminant Prism          Conj/Alch      1%         3d5       98%         4
 Martyr's Knell           Necr/Summ      2%         N/A       98%         4
 Petrify                  Alch/Erth      2%         N/A       98%         4
 Summon Lightning Spire   Summ/Air       2%         N/A       98%         4
 Alistair's Intoxication  Alch           1%         N/A       100%        5
 Borgnjor's Vile Clutch   Necr/Erth      1%         N/A       100%        5
 Curse of Agony           Necr           2%         N/A       100%        5
 Fireball                 Conj/Fire      1%         3d3       100%        5
 Freezing Cloud           Conj/Ice/Air   1%         6-21      100%        5
 Irradiate                Conj/Alch      1%         3d12      100%        5
 Iskenderun's Battlesphe  Conj           2%         2d6       100%        5
 Lee's Rapid Deconstruct  Erth           1%         3d4*      100%        5
 Silence                  Hex/Air        1%         N/A       100%        5
 Summon Mana Viper        Hex/Summ       2%         N/A       100%        5
 Yara's Violent Unravell  Hex/Alch       1%         3d3       100%        5
 Bombard                  Conj/Erth      1%         9d1       100%        6
 Conjure Ball Lightning   Conj/Air       1%         3x3d6     100%        6
 Eringya's Noxious Bog    Alch           1%         4d6       100%        6
 Plasma Beam              Fire/Air       1%         2x1d11    100%        6
 Sculpt Simulacrum        Ice/Alch       1%         N/A       100%        6
 Starburst                Conj/Fire      1%         6d3       100%        6
 Enfeeble                 Hex            1%         N/A       100%        7
 Haunt                    Necr/Summ      1%         N/A       100%        7
 Monstrous Menagerie      Summ           1%         N/A       100%        7
 Spellforged Servitor     Conj/Summ      1%         N/A       100%        7
 Summon Hydra             Summ           1%         N/A       100%        7
 Borgnjor's Revivificati  Necr           1%         N/A       100%        8
 Discord                  Hex            1%         N/A       100%        8
 Infestation              Necr           1%         N/A       100%        8
 Lehudib's Crystal Spear  Conj/Erth      1%         10d2      100%        8
 Death's Door             Necr           1%         N/A       100%        9
 Animate Dead             Necr           Unusable   N/A       N/A         4

Dungeon Overview and Level Annotations

Branches:
Dungeon (15/15)            Temple (0/1) D:5            Lair (5/5) D:11
  Swamp (4/4) Lair:3       Spider (4/4) Lair:3        Slime (0/5) Lair:5
    Orc (2/2) D:11            Elf (3/3) Orc:2        Vaults (5/5) D:13
  Crypt (0/3) Vaults:2     Depths (4/4) D:15            Zot (5/5) Depths:4
  Sewer (visited)           IceCv (visited)

Altars:
Ashenzari
Dithmenos
Elyvilon
Gozag
Kikubaaqudgha
Makhleb
Nemelex Xobeh
Okawaru
Ru
Sif Muna
Vehumet
Yredelemnul
Beogh
Jiyva

Shops:
D:9 ?   D:15 [*   Orc:1 !   Orc:2 :[:=*   Elf:1 :   Elf:2 *   Elf:3 [*
Depths:1 ?   Depths:2 =   Depths:3 =:=

Portals:
Hell: Depths:1 Depths:2 Depths:3 Depths:4
Abyss: Depths:3 Depths:4
Pandemonium: Depths:2
Ziggurat: Depths:1

Annotations:
D:4 1 runed translucent door, TheLasagnaBaron's ghost, amateur DgGl
D:8 3 runed translucent doors
Elf:2 3 runed translucent doors
Vaults:3 2 transporters, exclusion: orange crystal statue


Innate Abilities, Weirdness & Mutations

You have a pair of horns on your head.
You reflexively headbutt those who attack you in melee.
You are clumsy. (Dex -2)
Your magical capacity is low. (-10% MP)


Message History

The daeva blocks your attack. x2
The daeva is severely wounded.
The daeva hits you but does no damage. You block the daeva's attack.
You hit the daeva but do no damage. The daeva blocks your attack.
The daeva is severely wounded.
The daeva blocks your attack.
The daeva is severely wounded.
The daeva calls down the wrath of the Shining One upon you.
The Shining One smites you! The daeva blocks your attack.
You headbutt the daeva!
The daeva is severely wounded.
You slash the daeva!
The daeva is severely wounded.
The daeva calls down the wrath of the Shining One upon you.
The Shining One smites you! The daeva blocks your attack.
Your headbutt misses the daeva.
The daeva is severely wounded.
The daeva blocks your attack.
The daeva is severely wounded.
The daeva calls down the wrath of the Shining One upon you.
The Shining One smites you!
You slice the daeva!!
The daeva is almost dead.
You slice the daeva!!
You kill the daeva!
No target in view!
No target in view!
You now have 4305 gold pieces (gained 6).
Things that are here:
a +3 eudemon blade of holy wrath; a +0 tower shield
u - 2 curare-tipped darts (gained 1)
What level of the Dungeon? (default 1, ? - help)
An Orb Guardian comes into view.
The Orb Guardian moves out of view.
There is a stone staircase leading up here.
You climb upwards.
There is a stone staircase leading down here.
Okay, then.
There is a staircase leading out of the dungeon here.
You have escaped!

..........## #.#
#.#.##.....######## #####.#####
#.#.###.....##....# #.........#
#.#.####.....##...####.###.###.##
......###.....##....>..###.......
........##.....##.###......###.##
..#.#...###.....#########...##.#
........# ##..>..............#.#
.......## ##...@..............#
.#.###.# ##..ß............#####
##.# #.# ##.....##########.#
##.###.###.....##.# #.#
.......##.....###.# ##'##
##.#####.....## #.# ##...## #.#
##.....## ##.# ##.....## #
##.###.....## ##..# ##.......###
#...##....#####...####.....)...##


There were no monsters in sight!

Vanquished Creatures
  Tiamat (Zot:1)
  Frederick (Vaults:4)
  4 orbs of fire (Zot:5)
  2 dread liches
  2 ancient liches (Zot:5)
  Mara (Vaults:3)
  Sojobo (Depths:4)
  A pandemonium lord (D:5)
  Boris (twice) (Vaults:4 Depths:4)
  7 Killer Klowns
  2 curse toes
  Margery (Vaults:2)
  9 golden dragons
  2 electric golems (Zot:5)
  A Brimstone Fiend (Depths:1)
  Jorgrun (Swamp:1)
  14 tentacled monstrosities
  26 Orb Guardians
  A titan (Vaults:5)
  Asterion (Depths:2)
  A lich (Depths:1)
  2 deep elf master archers (Elf:3)
  2 deep elf blademasters (Elf:3)
  4 quicksilver dragons
  A searing wretch (Vaults:2)
  Gastronok (Lair:3)
  10 death cobs
  6 sphinxes
  An Executioner (Depths:2)
  Donald (Swamp:2)
  7 tengu reavers
  8 shadow dragons
  A daeva (D:2)
  17 storm dragons
  3 protean progenitors
  13 frost giants
  2 thorn hunters (Swamp:4)
  6 emperor scorpions
  3 draconian monks
  3 draconian shifters
  4 draconian knights
  8 fire giants
  6 draconian scorchers
  A deep elf elementalist (Elf:3)
  13 vault wardens
  2 iron dragons
  5 deep elf sorcerers
  10 ghost moths
  2 orc warlords
  5 draconian annihilators
  A ghoul (Vaults:2)
  2 draconian stormcallers
  A cacodemon (Depths:2)
  21 very ugly things
  3 broodmothers
  21 ironbound preservers
  A balrug (D:13)
  A formless jellyfish (Vaults:3)
  11 ironbound thunderhulks
  15 stone giants
  5 eleionomae
  4 deep elf demonologists (Elf:3)
  11 deep elf death magi
  3 vampire knights
  4 bunyips
  5 spark wasps
  8 deep elf annihilators
  7 green draconians
  5 black draconians
  10 dire elephants
  8 white draconians
  3 war gargoyles
  4 red draconians
  6 yellow draconians
  A blizzard demon (D:12)
  3 merfolk javelineers
  7 purple draconians
  11 ettins
  6 fire dragons
  The ghost of mycrawlcharacter the Executioner, a journeyman MiBe of Trog (Lair:1)
  11 yaktaur captains
  2 merfolk impalers (Depths:4)
  3 deep elf high priests
  Josephine (Lair:5)
  A shambling mangrove (Swamp:3)
  Fannar (Lair:2)
  6 ice dragons
  5 entropy weavers
  Harold (D:9)
  A peacekeeper (Vaults:2)
  5 jorogumos
  6 ironbound frosthearts
  A hell beast (Depths:4)
  3 ogre magi
  7 great orbs of eyes
  24 hydras
  14 alligators
  3 rakshasas
  6 boulder beetles
  2 radroaches
  5 spriggan air magi
  30 vault guards
  8 centaur warriors
  A merfolk avatar (Lair:5)
  15 dancing weapons
  2 ghost crabs
  5 demonic crawlers
  11 death yaks
  3 death knights
  A torpor snail (shapeshifter) (Vaults:5)
  5 death scarabs
  11 two-headed ogres
  8 deep troll earth magi
  4 deep troll shamans
  2 tengu warriors (D:14)
  4 spriggan berserkers
  An occultist (Depths:3)
  2 hell knights (Vaults:2)
  3 orc high priests
  Urug (D:11)
  5 skysharks
  11 deep elf knights
  22 spriggans
  A cyclops (shapeshifter) (Depths:2)
  A sixfirhy (Depths:2)
  14 skeletal warriors (D:14)
  5 goliath frogs
  3 iron trolls
  A storm dragon skeleton (Vaults:5)
  2 sea snakes (Lair:5)
  A flayed ghost (Depths:2)
  65 deep trolls
  5 pharaoh ants
  An orb spider (shapeshifter) (Elf:1)
  6 glowing orange brains
  5 orb spiders
  10 arcanists
  5 spriggan druids
  16 deep elf archers
  A shadow demon (D:7)
  15 ironbound convokers
  11 swamp dragons
  7 bog bodies
  9 lindwurms
  2 wolf spider zombies (Spider:4)
  4 phantasmal warriors
  2 orange crystal statues (Zot:5)
  3 spectral wolf spiders (Spider:4)
  3 sun moths (Spider:4)
  2 harpies (Lair:5)
  12 orc knights
  9 steelbarb worms
  4 necromancers
  17 deep elf zephyrmancers
  30 deep elf pyromancers
  A stone giant zombie (Vaults:4)
  2 thermic dynamos (Elf:3)
  5 cyclopes
  26 wolf spiders
  68 ugly things
  An orc sorcerer (Elf:3)
  5 manticores
  A broodmother zombie (Spider:4)
  A will-o-the-wisp (Swamp:1)
  An ice statue (IceCv)
  3 black mambas
  10 meliai
  22 moths of wrath
  19 elephants
  17 vault sentinels
  A water nymph (shapeshifter) (Vaults:5)
  2 kobold blastminers
  10 cane toads
  18 rime drakes
  6 torpor snails
  A smoke demon (Depths:4)
  3 spectral redbacks (Spider:4)
  11 yaktaurs
  3 kobold demonologists
  3 unseen horrors (D:12)
  3 freezing wraiths (Vaults:5)
  14 komodo dragons
  2 redback zombies (Spider:4)
  5 tengu conjurers
  A merfolk (shapeshifter) (Vaults:5)
  2 bloated husks
  A human skeleton (Vaults:3)
  An elf skeleton (Vaults:3)
  8 tyrant leeches
  18 trolls
  10 polar bears
  42 tarantellas
  5 spectral jumping spiders (Spider:4)
  A tarantella zombie (Spider:4)
  4 spectral tarantellas (Spider:4)
  18 hornets
  A glass eye (Depths:3)
  8 blink frogs (Lair:5)
  A dream sheep (shapeshifter) (Vaults:1)
  16 dream sheep
  A raiju (shapeshifter) (D:15)
  Sigmund (D:2)
  An ettin skeleton (Vaults:3)
  A centaur simulacrum (D:14)
  2 human simulacra
  A snapping turtle (Lair:5)
  2 shadows
  27 slime creatures
  4 air elementals
  4 wyverns
  16 culicivoras
  32 jumping spiders
  9 water elementals
  3 ynoxinuls
  4 basilisks
  7 wraiths
  74 yaks
  A fire bat (shapeshifter) (D:14)
  3 wargs
  Eustachio (D:6)
  A warg (shapeshifter) (Spider:3)
  44 redbacks
  2 steam dragons
  15 vampire mosquitoes
  3 fire elementals
  A glowing shapeshifter zombie (Vaults:4)
  18 swamp worms
  A chaos spawn (D:5)
  3 acid dragons
  21 water moccasins
  25 orc warriors
  13 swamp drakes
  A laughing skull (Vaults:2)
  8 ice beasts
  24 ogres
  25 wolves
  5 boggarts (D:14)
  2 black bears
  6 centaurs
  2 phantoms
  2 kobold brigands
  3 earth elementals
  11 bullfrogs
  A gnoll sergeant (D:9)
  A scorpion (D:6)
  13 killer bees (D:8)
  A vampire bat (Lair:3)
  3 howler monkeys
  2 electric eels (Lair:2)
  A lava snake (Orc:2)
  5 hounds
  6 jellies
  3 bombardier beetles
  3 gnoll boudas
  A hound (shapeshifter) (D:14)
  21 orc priests
  An iron imp (D:5)
  2 sleepcaps
  5 iguanas
  Natasha (thrice) (D:2)
  29 orc wizards
  A hell rat (Sewer)
  Robin (D:2)
  15 gnolls
  6 adders
  A river rat (Sewer)
  A white imp (D:6)
  4 ufetubi
  2 ribbon worms
  81 orcs
  5 ball pythons
  13 bats
  3 endoplasms
  8 giant cockroaches
  15 goblins
  20 hobgoblins
  4 jackals
  4 quokkas
  4 frilled lizards
  7 kobolds
  10 rats
  7 spectral weapons
2096 creatures vanquished.

Vanquished Creatures (collateral kills)
  A tentacled monstrosity (Vaults:5)
  2 titans (Vaults:5)
  A death cob (Zot:2)
  3 storm dragons
  A draconian monk (Zot:2)
  A fire giant (Vaults:5)
  A vault warden (Vaults:5)
  A balrug (Depths:4)
  A draconian scorcher (Zot:1)
  2 draconian annihilators (Zot:2)
  An ironbound preserver (Vaults:5)
  A white draconian (Zot:2)
  2 purple draconians
  2 deep elf high priests (Vaults:5)
  4 vault guards (Vaults:5)
  An ogre mage (Vaults:5)
  A sun demon (Depths:4)
  A deep troll (Vaults:5)
  2 ironbound convokers (Vaults:5)
  A necromancer (Vaults:5)
  A human zombie (Vaults:5)
  An ugly thing (Vaults:5)
  2 moths of wrath (Zot:1)
  2 vault sentinels (Vaults:5)
  A yaktaur (Vaults:5)
37 creatures vanquished.

Vanquished Creatures (others)
  A dread lich (Vaults:5)
  An ancient lich (Vaults:5)
  3 tentacled monstrosities
  A titan (Vaults:5)
  A lich (Vaults:5)
  A quicksilver dragon (Zot:1)
  A sphinx (Vaults:5)
  2 death cobs (Zot:1)
  2 shadow dragons
  3 draconian knights (Zot:1)
  3 draconian monks (Zot:1)
  A deep elf sorcerer (Vaults:5)
  2 vault wardens (Vaults:5)
  A fire giant (Vaults:5)
  A draconian shifter (Zot:1)
  A draconian stormcaller (Zot:1)
  An ironbound preserver (Vaults:5)
  3 draconian annihilators
  A deep elf demonologist (Vaults:5)
  A stone giant (Vaults:5)
  2 green draconians (Zot:1)
  A deep elf annihilator (Vaults:5)
  A purple draconian (Zot:1)
  5 yellow draconians
  6 white draconians (Zot:2)
  An ettin (Vaults:5)
  A deep elf high priest (Vaults:5)
  2 yaktaur captains
  8 vault guards (Vaults:5)
  An ogre mage (Vaults:5)
  An alligator (Swamp:2)
  4 two-headed ogres (Vaults:5)
  A flayed ghost (Vaults:5)
  A shadow dragon skeleton (Vaults:5)
  An ugly thing (Vaults:4)
  3 moths of wrath (Zot:1)
  A vault sentinel (Vaults:5)
  An ice statue (Zot:2)
  A yaktaur (Vaults:5)
  A culicivora (Spider:4)
  A swamp worm (Swamp:2)
  An ogre (Vaults:5)
  An orc (D:9)
  2 foxfires (Swamp:1)
79 creatures vanquished.

Grand Total: 2212 creatures vanquished

Notes
Turn   | Place    | Note
-------+----------+-------------------------------------------
     0 | D:1      | juan097 the Minotaur Fighter began the quest for the Orb.
     0 | D:1      | Reached XP level 1. HP: 19/19 MP: 0/0
   170 | D:1      | Reached XP level 2. HP: 27/27 MP: 1/1
   673 | D:1      | You fall into a shaft and drop 1 floor!
   705 | D:2      | Noticed Natasha
   709 | D:2      | Killed Natasha
   710 | D:2      | Reached XP level 3. HP: 25/34 MP: 2/2
   998 | D:2      | Found the +7 staff of the Meek {protect, meekguard}
  1130 | D:2      | Noticed Natasha
  1143 | D:2      | Killed Natasha
  1144 | D:2      | Reached XP level 4. HP: 25/41 MP: 3/3
  1217 | D:2      | Noticed Sigmund
  1224 | D:2      | Killed Sigmund
  1225 | D:2      | Reached skill level 5 in Axes
  1225 | D:2      | Reached XP level 5. HP: 43/50 MP: 4/4
  1225 | D:2      | Reached XP level 6. HP: 49/57 MP: 5/5
  1262 | D:2      | Noticed Robin
  1269 | D:2      | Killed Robin
  1361 | D:2      | Noticed Natasha
  1368 | D:2      | Killed Natasha
  1757 | D:3      | Found a glowing drain.
  1773 | Sewer    | Entered a sewer
  1981 | D:3      | Reached XP level 7. HP: 63/63 MP: 6/6
  2043 | D:3      | Found a faded altar of an unknown god.
  2357 | D:3      | Prayed at the altar of an unknown god.
  2357 | D:3      | Became a worshipper of Gozag Ym Sagoz the Greedy
  3051 | D:4      | Reached skill level 1 in Dodging
  3201 | D:4      | Found a runed translucent door.
  3201 | D:4      | Noticed TheLasagnaBaron's ghost (amateur DgGl)
  3607 | D:5      | Entered Level 5 of the Dungeon
  3678 | D:5      | Reached skill level 5 in Shields
  3835 | D:5      | Reached XP level 8. HP: 71/71 MP: 7/7
  3869 | D:5      | Found a staircase to the Ecumenical Temple.
  4120 | D:5      | Found a radiant altar of Vehumet.
  4444 | D:5      | Reached skill level 5 in Armour
  4448 | D:5      | Found a broken altar of Ashenzari.
  4702 | D:6      | Noticed Eustachio
  4906 | D:6      | Found a sparkling altar of Nemelex Xobeh.
  4994 | D:6      | Killed Eustachio
  5001 | D:6      | Reached XP level 9. HP: 47/81 MP: 8/8
  5536 | D:6      | Found a shimmering blue altar of Sif Muna.
  5728 | D:7      | Identified a scroll of acquirement
  5736 | D:7      | Acquired 817 gold pieces
  6023 | D:7      | Reached skill level 10 in Axes
  6492 | D:7      | Found an ancient bone altar of Kikubaaqudgha.
  6984 | D:8      | Found a shadowy altar of Dithmenos.
  7320 | D:8      | Found a runed translucent gate.
  7321 | D:8      | Found a runed translucent gate.
  7321 | D:8      | Found a runed translucent gate.
  7487 | D:8      | Reached skill level 10 in Fighting
  7931 | D:8      | Reached XP level 10. HP: 81/93 MP: 9/9
  8695 | D:9      | Found a burning altar of Makhleb.
  8696 | D:9      | Found a sacrificial altar of Ru.
  9098 | D:9      | Noticed Harold
  9116 | D:9      | Killed Harold
  9117 | D:9      | Reached skill level 1 in Throwing
  9117 | D:9      | Reached skill level 1 in Stealth
  9266 | D:9      | Found Hejiv's Magic Scroll Shop.
  9273 | D:9      | Bought a scroll of identify for 26 gold pieces
  9273 | D:9      | Bought a scroll of blinking for 97 gold pieces
  9376 | D:10     | Entered Level 10 of the Dungeon
  9376 | D:10     | Noticed a two-headed ogre
  9418 | D:10     | Killed a two-headed ogre
  9796 | D:10     | Found a white marble altar of Elyvilon.
 10240 | D:10     | Reached XP level 11. HP: 90/99 MP: 10/10
 10251 | D:10     | Reached skill level 1 in Evocations
 11019 | D:11     | Noticed a boulder beetle
 11030 | D:11     | Killed a boulder beetle
 11454 | D:11     | Noticed Urug
 11465 | D:11     | Killed Urug
 11501 | D:11     | Reached skill level 5 in Dodging
 11663 | D:11     | Reached skill level 5 in Throwing
 11752 | D:11     | Found a staircase to the Lair.
 11792 | D:11     | Found a staircase to the Orcish Mines.
 12529 | Orc:1    | Entered Level 1 of the Orcish Mines
 12533 | Orc:1    | Noticed an orc knight
 12871 | D:11     | Killed an orc knight
 13542 | Orc:1    | Noticed a two-headed ogre
 13769 | D:11     | Killed a two-headed ogre
 14155 | Orc:1    | Found Zepp's Distillery.
 14166 | Orc:1    | Bought a potion of heal wounds for 50 gold pieces
 14166 | Orc:1    | Bought a potion of attraction for 30 gold pieces
 14166 | Orc:1    | Bought a potion of cancellation for 80 gold pieces
 14283 | Orc:2    | Entered Level 2 of the Orcish Mines
 14283 | Orc:2    | Found Zeike's General Store.
 14283 | Orc:2    | Found a roughly hewn altar of Beogh.
 14284 | Orc:2    | Noticed an orc knight
 14408 | Orc:2    | Noticed an orc high priest
 14422 | Orc:1    | Noticed a soul eater
 14639 | Orc:1    | Noticed a sun demon
 14643 | Orc:1    | Killed an orc high priest
 14644 | Orc:1    | Reached XP level 12. HP: 53/110 MP: 11/11
 14801 | Orc:2    | Noticed a two-headed ogre
 14801 | Orc:2    | Noticed a two-headed ogre
 15553 | Orc:2    | Noticed a two-headed ogre
 15559 | Orc:2    | Noticed a two-headed ogre
 15611 | Orc:2    | Noticed a two-headed ogre
 15611 | Orc:2    | Noticed an ogre mage
 15618 | Orc:1    | Reached skill level 15 in Axes
 15630 | Orc:1    | Killed a two-headed ogre
 15820 | Orc:2    | Noticed an orc high priest
 15827 | Orc:1    | Killed a two-headed ogre
 15958 | Orc:2    | Noticed a two-headed ogre
 15958 | Orc:2    | Noticed a two-headed ogre
 15992 | Orc:1    | Killed a two-headed ogre
 16194 | Orc:2    | Noticed a two-headed ogre
 16226 | D:11     | Killed a two-headed ogre
 16568 | Orc:1    | Killed a two-headed ogre
 16569 | Orc:1    | Reached skill level 5 in Evocations
 17076 | Orc:1    | Killed a two-headed ogre
 17245 | Orc:1    | Killed an orc high priest
 17519 | Orc:2    | Killed an ogre mage
 17522 | Orc:2    | Killed a two-headed ogre
 17529 | Orc:2    | Reached skill level 10 in Armour
 17542 | Orc:2    | Reached XP level 13. HP: 91/118 MP: 12/12
 17742 | Orc:2    | Found a staircase to the Elven Halls.
 18060 | Orc:2    | Found Puor's Book Shop.
 18070 | Orc:2    | Found Kulompid's Jewellery Shop.
 18071 | Orc:2    | Found Xibig's Armour Shoppe.
 18081 | Orc:2    | Found Goxugim's Book Boutique.
 18415 | Orc:2    | Bought the +10 scale mail of Oblivion {rF+ Int+4} for 1298
                  | gold pieces
 18485 | Lair:1   | Entered Level 1 of the Lair of Beasts
 20253 | Lair:2   | Noticed Fannar
 20434 | Lair:2   | Found a runed translucent gate.
 20434 | Lair:2   | Found a runed translucent gate.
 20446 | Lair:2   | Found a runed translucent gate.
 20492 | Lair:2   | Killed Fannar
 20559 | Lair:2   | Noticed mycrawlcharacter's ghost (journeyman MiBe)
 21318 | Lair:3   | Noticed Gastronok
 21734 | Lair:3   | Killed Gastronok
 21735 | Lair:3   | Reached XP level 14. HP: 94/127 MP: 13/13
 22185 | Lair:3   | Found a hole to the Spider Nest.
 22589 | Lair:3   | Found a staircase to the Swamp.
 24765 | Lair:5   | Entered Level 5 of the Lair of Beasts
 25016 | Lair:5   | Found a frozen archway.
 25063 | Lair:5   | Noticed Josephine
 25078 | Lair:5   | Killed Josephine
 25079 | Lair:5   | Reached skill level 10 in Throwing
 25202 | IceCv    | Entered an ice cave
 25338 | IceCv    | Reached XP level 15. HP: 128/138 MP: 14/14
 25575 | IceCv    | Noticed a frost giant
 25596 | IceCv    | Killed a frost giant
 26331 | Lair:5   | Identified the +5 scale mail of Ugacoc {Str+2 Int+5}
 26540 | Lair:5   | Found a staircase to the Slime Pits.
 26782 | Lair:5   | Found a viscous altar of Jiyva.
 27119 | Lair:5   | Identified the +7 trident "Conservator" {venom, *Noise
                  | +Blink rElec rN+}
 27404 | Lair:1   | Killed mycrawlcharacter's ghost
 27438 | Lair:2   | Identified the +7 dire flail of Tender Mercy {elec, rC-
                  | Str+4}
 28584 | D:13     | Found a gate to the Vaults.
 29185 | D:13     | Found a runed translucent door.
 29188 | D:13     | Found the +8 mithril axe "Arga" {speed, Will+}
 29507 | D:14     | Found a broken altar of Ashenzari.
 29523 | D:14     | Reached skill level 10 in Dodging
 29888 | D:14     | Reached skill level 15 in Armour
 29894 | D:14     | Reached skill level 15 in Fighting
 29894 | D:14     | Reached XP level 16. HP: 148/149 MP: 15/15
 29947 | D:14     | Noticed a tengu reaver
 29978 | D:14     | Killed a tengu reaver
 30394 | D:14     | Identified the +8 flail of the Hills {drain, Str+2}
 31224 | D:15     | Entered Level 15 of the Dungeon
 31492 | D:15     | Found a staircase to the Depths.
 31964 | D:15     | Bought a pair of runed gloves for 270 gold pieces
 32150 | Spider:1 | Entered Level 1 of the Spider Nest
 32397 | Spider:1 | Reached skill level 10 in Evocations
 33774 | Spider:2 | Reached XP level 17. HP: 158/158 MP: 16/16
 37381 | Swamp:1  | Entered Level 1 of the Swamp
 37720 | Swamp:1  | Noticed Jorgrun
 37735 | Swamp:1  | Killed Jorgrun
 38568 | Swamp:2  | Identified the +1 robe of the Flying Gods {-Cast rPois
                  | Str+4}
 38641 | Swamp:2  | Noticed Donald
 38655 | Swamp:2  | Killed Donald
 39654 | Swamp:3  | Reached XP level 18. HP: 62/170 MP: 17/17
 39970 | Swamp:3  | Found a basalt altar of Yredelemnul.
 40320 | Swamp:4  | Entered Level 4 of the Swamp
 43465 | Swamp:4  | Reached skill level 10 in Shields
 43600 | Swamp:4  | Got a decaying rune of Zot
 44008 | Spider:4 | Entered Level 4 of the Spider Nest
 45886 | Spider:4 | Reached XP level 19. HP: 180/180 MP: 18/18
 45995 | Spider:4 | Got a gossamer rune of Zot
 46429 | Vaults:1 | Entered Level 1 of the Vaults
 46469 | Vaults:1 | Found a flickering gateway to a bazaar.
 46519 | Bazaar   | Entered a bazaar
 46519 | Bazaar   | Found Touruogi's Antique Weapon Shop.
 46519 | Bazaar   | Found Ihilar's Antique Armour Shop.
 46593 | Bazaar   | Found Gyemer's Distillery.
 46601 | Bazaar   | Bought a potion of enlightenment for 50 gold pieces
 46615 | Bazaar   | Bought a heavily runed chain mail for 256 gold pieces
 46615 | Bazaar   | Identified the +1 chain mail of Hedahaon {Rampage rCorr
                  | Str+3} (You bought it in a shop in a bazaar)
 46620 | Bazaar   | Bought a steaming scale mail for 243 gold pieces
 46620 | Bazaar   | Identified the +6 scale mail "Muvyrud" {rElec} (You bought
                  | it in a shop in a bazaar)
 46636 | Bazaar   | Bought a potion of haste for 100 gold pieces
 46636 | Bazaar   | Bought 2 potions of haste for 200 gold pieces
 46636 | Bazaar   | Bought a potion of enlightenment for 50 gold pieces
 46636 | Bazaar   | Bought a potion of ambrosia for 80 gold pieces
 46636 | Bazaar   | Bought a potion of haste for 100 gold pieces
 46636 | Bazaar   | Bought a potion of attraction for 30 gold pieces
 46650 | Bazaar   | Bought a runed sling for 85 gold pieces
 47829 | Vaults:1 | Identified the +7 mace "Wogilan" {speed, *Noise rPois rF+}
 48460 | Vaults:2 | Noticed Margery
 48482 | Vaults:2 | Killed Margery
 49847 | Vaults:2 | Reached XP level 20. HP: 152/193 MP: 19/19
 50025 | Vaults:2 | Found a staircase to the Crypt.
 50077 | Vaults:2 | Reached skill level 15 in Throwing
 52112 | Vaults:3 | Found a transporter.
 52124 | Vaults:3 | Found a transporter.
 52223 | Vaults:3 | Noticed Mara
 52257 | Vaults:3 | Noticed juan097's illusion
 52259 | Vaults:3 | Killed Mara
 52433 | Vaults:3 | Identified the +7 chain mail of the Orange {rF+ Regen+
                  | Dex-3}
 52473 | Vaults:3 | Identified the +10 dagger "Trog's Wrath" {freeze, Dex+5}
 52839 | Vaults:4 | Identified the +4 robe of Uran {Harm Str+2 Dex+3}
 52839 | Vaults:4 | Noticed Boris
 52877 | Vaults:4 | Killed Boris
 53470 | Vaults:4 | Upgraded the game from 0.32-a0-473-gd044c6f0f0 to
                  | 0.32-a0-485-g70f7560b1c
 54285 | Vaults:4 | Identified the orb "Seziorut" {*channel, rC+ Int-4 Stlth+}
 54285 | Vaults:4 | Noticed Frederick
 54325 | Vaults:4 | Killed Frederick
 54326 | Vaults:4 | Reached XP level 21. HP: 46/202 MP: 1/20
 55875 | Depths:1 | Entered Level 1 of the Depths
 56394 | Depths:1 | Identified the staff of Defenestration {rC- rN+ Int+2
                  | Stlth+ Conj Summ}
 56406 | Depths:1 | Found Naofugry's Magic Scroll Emporium.
 56433 | Depths:1 | Noticed a golden dragon
 56443 | Depths:1 | Killed a golden dragon
 56477 | Depths:1 | Found an iron altar of Okawaru.
 57169 | Depths:1 | Found a one-way gateway to a ziggurat.
 57304 | Depths:1 | Found a gateway to Hell.
 57509 | Depths:2 | Noticed Asterion
 57679 | Depths:2 | Killed Asterion
 58031 | Depths:2 | Noticed a golden dragon
 58667 | Depths:2 | Reached skill level 5 in Stealth
 59078 | Depths:2 | Acquired 681 gold pieces
 59206 | Depths:2 | Killed a golden dragon
 59450 | Depths:2 | Found a one-way gate leading to the halls of Pandemonium.
 59549 | Depths:2 | Bought the amulet "Hodok" {RegenMP Will++ Str+4 Int-5
                  | Stlth+} for 982 gold pieces
 59951 | Depths:3 | Found Naclaip's Jewellery Shoppe.
 59953 | Depths:3 | Found Jiorarcha's Book Boutique.
 59954 | Depths:3 | Found Sengir's Jewellery Shoppe.
 60135 | Depths:3 | Identified the +0 pair of gloves of Zivup {rElec}
 60421 | Depths:3 | Found a one-way gate to the infinite horrors of the Abyss.
 60700 | Depths:3 | Reached XP level 22. HP: 202/214 MP: 21/21
 61162 | Depths:3 | Noticed a golden dragon
 61599 | Depths:3 | Killed a golden dragon
 61727 | Depths:4 | Entered Level 4 of the Depths
 61762 | Depths:4 | Identified the +4 robe of Devotion {*Corrode rC+++ Slay+4
                  | Archmagi}
 61762 | Depths:4 | Noticed Boris
 61782 | Depths:4 | Killed Boris
 61840 | Depths:4 | Found a shadowy altar of Dithmenos.
 61994 | Depths:4 | Reached skill level 15 in Dodging
 63343 | Depths:4 | Found a gate to the Realm of Zot.
 63527 | Depths:4 | Noticed Sojobo
 63549 | Depths:4 | Paralysed by an air elemental for 1 turns
 63564 | Depths:4 | Killed Sojobo
 63895 | Elf:1    | Entered Level 1 of the Elven Halls
 64398 | Elf:1    | Found Tocwagepp's Tremendous Tomes.
 64406 | Elf:1    | Identified the +11 war axe "Ytuat" {heavy, rElec}
 65444 | Elf:2    | Found a runed translucent gate.
 65445 | Elf:2    | Found a runed translucent gate.
 65445 | Elf:2    | Found a runed translucent gate.
 65452 | Elf:2    | Reached skill level 15 in Shields
 65816 | Elf:2    | Found Iskyr Ocryn's General Store.
 66094 | Elf:2    | Bought 2 scrolls of acquirement for 1144 gold pieces
 66095 | Elf:2    | Acquired the +3 kite shield of the Shore {rElec rPois rF+}
 66170 | Elf:3    | Entered Level 3 of the Elven Halls
 66182 | Elf:3    | Found a flickering gateway to a bazaar.
 66228 | Bazaar   | Entered a bazaar
 66241 | Bazaar   | Found Focypp's Antique Weapon Emporium.
 66253 | Bazaar   | Found Myorchoi's Antique Weapon Shoppe.
 66267 | Bazaar   | Found Qohuir's Antique Armour Shoppe.
 66267 | Bazaar   | Found Kixaih's Antique Armour Emporium.
 66283 | Bazaar   | Bought a pair of glowing boots for 172 gold pieces
 66322 | Bazaar   | Bought a shiny plate armour for 572 gold pieces
 66596 | Elf:3    | Paralysed by an air elemental for 1 turns
 66759 | Elf:3    | Reached XP level 23. HP: 181/223 MP: 22/22
 66979 | Elf:3    | Identified the ring of the Scavenger {rN+ Int+2}
 66981 | Elf:3    | Identified the ring of Fun {EV+5 Dex+3}
 66983 | Elf:3    | Identified the amulet of Pony {rElec rF+ Regen+ Slay+3}
 66983 | Elf:3    | Identified the amulet "Niot" {Spirit Dex+3}
 67269 | Elf:3    | Identified the amulet of Luegh {Harm rC+ Regen+ Dex+3
                  | Stlth+}
 67329 | Elf:3    | Identified the amulet of Dim Light {Spirit Dex+5}
 67330 | Elf:3    | Identified the +1 robe of Itikhlio {^Contam rF+ Will++
                  | Slay+3}
 67345 | Elf:3    | Identified the +12 dagger of Freehold {freeze, Dex+5}
 67569 | Elf:3    | Found the +3 Elemental Staff {ele, rElec rF+ rC+ AC+3}
 67577 | Elf:3    | Identified the +1 dagger "Impbane" {pain, rF+ rN+ Str-5
                  | SInv}
 67588 | Elf:3    | Identified the +8 orcbow of Doom {heavy, Str+4}
 67665 | Elf:3    | Got the Folio of Energy
 67688 | Elf:3    | Got Uzxybuc's Almanac of Maleficia
 67989 | Elf:3    | Acquired 1195 gold pieces
 68771 | Vaults:5 | Entered Level 5 of the Vaults
 68774 | Vaults:5 | Noticed a dread lich
 68810 | Vaults:5 | Killed a dread lich
 68833 | Vaults:5 | Noticed an ancient lich
 68833 | Vaults:5 | Identified the +3 trident "Ohyqit" {drain, *Corrode rF+++
                  | rN++}
 68833 | Vaults:5 | Identified the +1 robe "Jemoumm" {Rampage rPois rF+ Will-}
 68868 | Vaults:5 | Noticed a dread lich
 68878 | Vaults:5 | Identified the ring "Eqomiczu" {rF+ MP+9 Dex+2 SInv}
 69068 | Vaults:5 | Killed a dread lich
 69236 | Vaults:5 | Identified the ring "Xumadal" {rPois AC+4}
 69533 | Vaults:5 | Identified the ring "Wisan" {rPois AC+4 Stlth+}
 69813 | Vaults:5 | Identified the +9 spear "Quhotergh" {vamp, rF++}
 69971 | Vaults:5 | Got a silver rune of Zot
 70400 | Vaults:5 | Identified the +5 chain mail "Syco" {Int+3}
 70834 | Zot:1    | Entered Level 1 of the Realm of Zot
 70887 | Zot:1    | Found the +4 dragonskin cloak
 70887 | Zot:1    | Noticed Tiamat
 71014 | Zot:1    | Found a sacrificial altar of Ru.
 71093 | Zot:1    | Identified the +4 battleaxe of False Accusations {speed,
                  | rPois Dex+3}
 71583 | Zot:2    | Identified the amulet "Roqaink" {Reflect rF+ SH+5}
 71701 | Zot:2    | Reached skill level 15 in Evocations
 71701 | Zot:2    | Reached XP level 24. HP: 218/220 MP: 22/22
 72216 | Zot:2    | Noticed a Killer Klown
 72229 | Zot:2    | Killed a Killer Klown
 72467 | Zot:1    | Killed Tiamat
 72856 | Zot:3    | You fall into a shaft and drop 1 floor!
 72954 | Zot:4    | Learned a level 1 spell: Apportation
 72957 | Zot:4    | Learned a level 2 spell: Blink
 73357 | Zot:3    | Reached skill level 1 in Translocations
 73366 | Zot:3    | Reached skill level 1 in Spellcasting
 75081 | Zot:5    | Entered Level 5 of the Realm of Zot
 75087 | Zot:5    | Identified the +2 ring mail of Impermeability {rCorr Str-2
                  | Dex+5}
 75097 | Zot:5    | Found a viscous altar of Jiyva.
 75459 | Zot:5    | Noticed a dread lich
 75463 | Zot:5    | Noticed an ancient lich
 75533 | Zot:5    | Killed a dread lich
 75899 | Zot:5    | Noticed a Killer Klown
 75905 | Zot:5    | Noticed a Killer Klown
 75923 | Zot:5    | Killed a Killer Klown
 75927 | Zot:5    | Killed a Killer Klown
 75953 | Zot:5    | Noticed a Killer Klown
 75978 | Zot:5    | Reached XP level 25. HP: 141/245 MP: 27/27
 75983 | Zot:5    | Noticed an orb of fire
 76175 | Zot:5    | Killed a Killer Klown
 76185 | Zot:5    | Gained mutation: You are strong-willed. (Will+) [an orb of
                  | fire]
 76189 | Zot:5    | Killed an orb of fire
 76214 | Zot:5    | Noticed an orb of fire
 76229 | Zot:5    | Gained mutation: Your magical capacity is low. (-10% MP)
                  | [an orb of fire]
 76234 | Zot:5    | Killed an orb of fire
 76303 | Zot:5    | Noticed an orb of fire
 76305 | Zot:5    | Lost mutation: You are strong-willed. (Will+) [an orb of
                  | fire]
 76306 | Zot:5    | Gained mutation: You are clumsy. (Dex -2) [an orb of fire]
 76310 | Zot:5    | Killed an orb of fire
 76507 | Zot:5    | Reached skill level 5 in Translocations
 76548 | Zot:5    | Noticed a Killer Klown
 76557 | Zot:5    | Noticed an orb of fire
 76558 | Zot:5    | Noticed a Killer Klown
 76560 | Zot:5    | Noticed a Killer Klown
 76568 | Zot:5    | Noticed an ancient lich
 76570 | Zot:5    | Killed an orb of fire
 76576 | Zot:5    | Killed a Killer Klown
 76583 | Zot:5    | Killed an ancient lich
 76601 | Zot:5    | Killed an ancient lich
 76607 | Zot:5    | Killed a Killer Klown
 76612 | Zot:5    | Killed a Killer Klown
 76732 | Zot:5    | Identified the +0 leather armour of the Lost Path {rC+
                  | Dex+2}
 76838 | Zot:5    | Got the Orb of Zot
 77330 | D:5      | Noticed Wumin the pandemonium lord
 77346 | D:5      | Killed Wumin the pandemonium lord
 77439 | D:$      | Escaped with the Orb!

Illustrated notes

Levels and vault maps discovered:
D:1:      psy_arrival_spokes, layout_loops_corners,
          chequers_serial_rivers_small_a
D:2:      layout_rooms, st_stairs_13, nicolae_figureground_pulse, uniq_natasha,
          uniq_robin, uniq_sigmund
D:3:      layout_basic, portal_sewer_entry_f,
          hellmonk_ecumenical_altar_leap_of_faith
D:4:      layout_layer_cave, gammafunk_ghost_grave
D:5:      layout_loops_ring, nicolae_vehumet_radiance, marbit_many_paths,
          minmay_temple_entry_offerings
D:6:      layout_loops_ring, nicolae_sif_muna_little_library,
          overflow_temple_1_default, nicolae_figureground_sparkle,
          uniq_eustachio
D:7:      layout_loops_cross, kennysheep_mini_moat
D:8:      layout_basic, mainiacjoe_overflow_cross_hatched,
          ebering_ghost_rock_garden, chequers_big_river
D:9:      layout_roguey, jmf_multi_god_temple, serial_shops, kennysheep_mini,
          minmay_holes, uniq_harold
D:10:     layout_small_grid, mainiacjoe_overflow_small_starburst
D:11:     layout_layer_cave, hellmonk_lair_entry_icy, orc_0_dummy, uniq_urug
D:12:     minmay_four_partial_circles, layout_gridville
D:13:     dreamdust_dug_too_deep, layout_basic, hellmonk_vaults_order_and_chaos,
          special_room [special_room_orc]
D:14:     minmay_expanding_squares, layout_loops_ring,
          ashenzari_conservatory_becter, dreamdust_wishing_well,
          grunt_ministairs_13
D:15:     grunt_enter_depths_giant_problem, layout_gridville, nicolae_tricolors
Lair:1:   layout_chaotic_city, lemuel_fruit_tree, grunt_megastairs_3,
          lemuel_fruit_fields
Lair:2:   layout_loops_ring, gammafunk_ghost_hydra_chop,
          infiniplex_staircase_pool, serial_bayou_shore_a, uniq_fannar
Lair:3:   layout_regular_city, minmay_swamp_entry_reptiles, spider_nest_entry_a,
          roderic_batcave, uniq_gastronok
Lair:4:   layout_cave_pods
Lair:5:   gammafunk_lair_ancient_temple, layout_loops_ring,
          nicolae_slime_entry_field_trip, portal_ice_cave_entry_pillars_1,
          uniq_josephine
Swamp:1:  layout_basic_swamp, evilmike_swamp_ruin_rubble_2,
          nicolae_swamp_tree_isthmus, uniq_jorgrun
Swamp:2:  layout_basic_swamp, hangedman_swamp_diagram, swamp_pool_3, uniq_donald
Swamp:3:  layout_falls_marsh, nicolae_swamp_treefoil, grunt_ruined_hall
Swamp:4:  swamp_basic_johnstein, layout_basic_swamp, swamp_pool_5,
          nicolae_swamp_decorative_isthmus
Spider:1: nicolae_spider_hilbert_zone_3 [nicolae_spider_hilbert_4_sides_2_open,
          nicolae_spider_hilbert_3_sides_1_open,
          nicolae_spider_hilbert_3_sides_1_open,
          nicolae_spider_hilbert_3_sides_1_open,
          nicolae_spider_hilbert_3_sides_1_open,
          nicolae_spider_hilbert_4_sides_1_open,
          nicolae_spider_hilbert_4_sides_1_open,
          nicolae_spider_hilbert_4_sides_1_open,
          nicolae_spider_hilbert_4_sides_1_open,
          nicolae_spider_hilbert_4_sides_1_open,
          nicolae_spider_hilbert_4_sides_1_open,
          nicolae_spider_hilbert_4_sides_1_open,
          nicolae_spider_hilbert_4_sides_1_open,
          nicolae_spider_hilbert_3_sides_1_open,
          nicolae_spider_hilbert_3_sides_1_open,
          nicolae_spider_hilbert_3_sides_1_open,
          nicolae_spider_hilbert_3_sides_1_open], guppyfry_spider_mini_3
Spider:2: layout_chambers
Spider:3: layout_chambers, hellmonk_deceptive_appearances
Spider:4: floodkiller_spider_rune_tomb
Orc:1:    layout_diamond_mine, serial_shops, nicolae_shop_behind_doors,
          regret_index_minedec_shroomtown_chain
Orc:2:    st_orc_open, layout_caves, basic_altar, serial_shops, shop,
          nicolae_orc_lava_tube
Elf:1:    minmay_elf_arrival_circle, layout_onion_city, kb_rosetta,
          nicolae_shop_i_like_big_books, lemuel_flamethrower_hall
Elf:2:    elven_hall_of_blades_hangedman_original [nicolae_blade_tridents],
          layout_loops_cross, serial_shops, nicolae_shop_gibbet_a_chance,
          minmay_misc_feat_diagonals
Elf:3:    elf_hall_gauntlet_narrow, layout_geoelf_diagonals, serial_shops,
          freezing_bzr
Vaults:1: v_misc_32, vaults_room_corners, vaults_room_boxed,
          nicolae_vaults_network_square, nicolae_vaults_theta,
          nicolae_vaults_sightless_eye, vaults_room_guarded_vault,
          nicolae_vaults_tetromino_Z_1, nicolae_vaults_ninety_degrees,
          nicolae_vaults_apartment_2, layout_vaults_omnicross, serial_shops,
          bzr_entry_islet
Vaults:2: nicolae_vaults_wine_cellar, nicolae_vaults_tetromino_Z_2,
          hangedman_vaults_slither, ontoclasm_vaults_idyll, serial_ice_h,
          nicolae_vaults_know_your_exits, ontoclasm_vaults_shuriken,
          hangedman_vaults_river_flow, hangedman_vaults_nodes,
          nicolae_vaults_network_quinsquares
          [nicolae_vaults_network_quincunx_subvault,
          nicolae_vaults_network_quincunx_subvault,
          nicolae_vaults_network_quincunx_subvault,
          nicolae_vaults_network_quincunx_subvault],
          nicolae_vaults_closet_pinwheel_3, minmay_crypt_entry_simple_sparse,
          nicolae_vaults_hallways_thing, nicolae_vaults_trapezoid_lopsided_3,
          nicolae_vaults_trapezoid_lopsided_1, vaults_dpeg_doors,
          layout_vaults_maze, uniq_margery
Vaults:3: nicolae_vaults_trapezoid_lopsided_3, nicolae_vaults_mini_display_case,
          hangedman_vaults_stagger, nicolae_vaults_three_branches, v_misc_11,
          lightli_orcish_oven, gammafunk_sealed_arena,
          nicolae_vaults_yaktaur_gun_rack, vaults_room_semicircle,
          layout_vaults_omnigrid, uniq_mara
Vaults:4: hangedman_vaults_trim, nicolae_vaults_swerve,
          nicolae_vaults_network_periphery, nicolae_vaults_off_center_swirl,
          vaults_room_door_ring, hangedman_vaults_cutoff,
          nicolae_vaults_layer_cake_slice, ontoclasm_vaults_idyll,
          nicolae_vaults_tetromino_Z_1, hangedman_vaults_trim, vaults_dpeg_ring,
          layout_vaults_chaotic_city, uniq_frederick, uniq_boris
Vaults:5
Depths:1: layout_cave_pools, enter_ziggurat_c, serial_shops,
          nicolae_diamond_shop, grunt_hell_entry_dis_grunt,
          grunt_decor_mini_mirrors, st_stairs_13, small_chamber_with_monster,
          grunt_ministairs_10, minivault_16, okawaru_ov_weapons_minmay,
          serial_bayou_shore_b
Depths:2: minmay_crescents, layout_cave_shapes, hangedman_coc_ice_floe,
          grunt_pan_entry_in_and_out, minmay_tree_intersection, uniq_asterion
Depths:3: minmay_blocking_statues, layout_gridlike, hell_entry,
          abyss_entry_crystal, minmay_shop_grove,
          infiniplex_staircase_door_maze, grunt_megastairs_4,
          serial_bayou_shore_b, serial_bayou_shore_b
Depths:4: evilmike_zot_entry_round, layout_cave_pools,
          abyss_entry_small_statue_room, serial_sigils,
          serial_sigils_hangedman_gnaw, serial_sigils_hangedman_scar,
          serial_sigils_hangedman_stare, serial_sigils_hangedman_scratch,
          serial_sigils_hangedman_quiver, grunt_dithmenos_smoke_and_mirrors,
          lightli_too_deep, serial_bayou_shore_b, uniq_sojobo
Zot:1:    layout_onion, regret_index_zotdec_twisting_globes, uniq_tiamat
Zot:2:    cheibrodos_frozen_isle, layout_twisted_circle
Zot:3:    layout_cellular_growth, regret_index_zotdec_serpentine_scales
Zot:4:    layout_cathedral_of_symmetry, grunt_megastairs_2
Zot:5:    layout_cathedral_of_symmetry, regret_index_zotdec_slimy_original

Skill      XL: |  1  2  3  4  5  6  7  8  9 10 11 12 13 14 15 16 17 18 19 20 21 22 23 24 25 |
---------------+----------------------------------------------------------------------------+-----
Fighting       | 4 6 7 10 11 12 14 15 16 17 18 19 20 21 22 23 24 | 24.0
Shields        | 4 5 6 9 11 12 15 16 17 | 17.0
Axes           | 3 5 7 8 9 12 14 15 18 19 20 | 20.0
Dodging        | 2 4 6 7 9 10 11 12 13 14 16 17 18 | 18.0
Armour         | 4 6 8 10 12 15 16 17 18 19 20 21 22 23 24 | 24.0
Throwing       | 4 5 7 8 10 11 12 14 15 16 17 18 | 18.0
Stealth        | 4 5 8 |  8.0
Evocations     | 3 5 6 7 10 11 12 13 14 15 16 | 16.0
Translocations | 3 8 |  8.0
Spellcasting   | 3 4 |  4.0

Action                     |  1- 3 |  4- 6 |  7- 9 | 10-12 | 13-15 | 16-18 | 19-21 | 22-24 | 25-27 || total
---------------------------+-------+-------+-------+-------+-------+-------+-------+-------+-------++-------
  Melee: War axe           |    58 |       |       |       |       |       |       |       |       ||    58
         Headbutt          |     6 |     6 |    36 |   115 |   244 |   403 |   625 |   571 |    84 ||  2090
         Quarterstaff      |     9 |    93 |   113 |       |       |       |       |       |       ||   215
         Battleaxe         |       |       |   186 |   544 |   828 |       |       |       |       ||  1558
         Broad axe         |       |       |       |       |   191 |  1534 |  1797 |  1627 |   260 ||  5409
   Fire: Orcbow            |       |       |     5 |       |       |       |       |       |       ||     5
         Sling             |       |       |       |       |       |       |    57 |       |       ||    57
  Throw: Stone             |     4 |       |     7 |       |       |       |       |       |       ||    11
         Boomerang         |       |       |    26 |    91 |   104 |   100 |       |    78 |     7 ||   406
         Throwing net      |       |       |       |     3 |     2 |     1 |     2 |     3 |       ||    11
         Dart              |       |       |       |     5 |    24 |   149 |    30 |     7 |     1 ||   216
         Javelin           |       |       |       |       |    42 |     2 |       |    38 |    17 ||    99
 Invoke: Potion Petition   |       |       |     3 |     5 |     1 |     1 |     6 |     5 |       ||    21
         Call Merchant     |       |       |       |       |       |     2 |     1 |     2 |       ||     5
         Bribe Branch      |       |       |       |       |       |       |       |     3 |       ||     3
  Evoke: Wand              |       |       |       |     5 |    23 |    58 |     3 |     3 |       ||    92
         Lightning rod     |       |       |       |       |       |     8 |     4 |     4 |       ||    16
         Phial of floods   |       |       |       |       |       |       |     2 |     3 |       ||     5
         Box of beasts     |       |       |       |       |       |       |       |     2 |       ||     2
    Use: Scroll            |       |       |    16 |     9 |    16 |     6 |     6 |    14 |     1 ||    68
         Potion            |       |       |     4 |     2 |     2 |     7 |     6 |    13 |     9 ||    43
   Stab: Held in net/web   |       |       |       |     2 |       |     1 |     3 |     9 |       ||    15
         Distracted        |       |       |       |     3 |    15 |    10 |    10 |    15 |     3 ||    56
         Sleeping          |       |       |       |       |       |     2 |       |     6 |       ||     8
         Invisible         |       |       |       |       |       |       |       |    12 |       ||    12
 Armour: Scale mail        |    56 |    65 |   162 |       |   654 |   723 |   531 |   552 |    88 ||  2831
         Chain mail        |       |       |   154 |   549 |    31 |       |       |       |       ||   734
  Dodge: Dodged            |    37 |    55 |   219 |   321 |   507 |   830 |   584 |   669 |    71 ||  3293
  Block: Buckler           |    15 |       |       |       |    81 |   572 |   446 |       |       ||  1114
         Other             |       |       |     2 |   143 |   127 |       |       |       |       ||   272
         Reflection        |       |       |     1 |    13 |    10 |    15 |    23 |    24 |       ||    86
         Kite shield       |       |       |       |       |       |       |    47 |   762 |   114 ||   923

Table legend: (Time is in decaauts)
 A = Elapsed time spent in this place.
 B = Non-inter-level travel time spent in this place.
 C = Inter-level travel time spent in this place.
 D = Time resting spent in this place.
 E = Time spent auto-exploring this place.
 F = Levels seen in this place.
 G = Mean time per level.
                   A        B        C        D        E       F      G
               +--------+--------+--------+--------+--------+-----+--------+
         Total |  75481 |  70505 |   4976 |   3373 |  52420 |  51 | 1480.0 |
       Dungeon |  19439 |  17650 |   1789 |   1438 |  12824 |  15 | 1295.9 |
          Lair |   8709 |   7961 |    748 |    331 |   5849 |   5 | 1741.8 |
         Swamp |   6550 |   6413 |    137 |    490 |   4996 |   4 | 1637.5 |
   Spider Nest |   7026 |   6666 |    360 |      7 |   5264 |   4 | 1756.5 |
  Orcish Mines |   4764 |   4466 |    298 |    557 |   2918 |   2 | 2382.0 |
   Elven Halls |   3879 |   3676 |    203 |      0 |   2764 |   3 | 1293.0 |
        Vaults |  10743 |   9901 |    842 |     51 |   7767 |   5 | 2148.6 |
        Depths |   7066 |   6759 |    307 |    421 |   4982 |   4 | 1766.5 |
           Zot |   6001 |   5711 |    290 |     71 |   4208 |   5 | 1200.2 |
        Bazaar |    253 |    253 |      0 |      0 |    137 |   2 |  126.5 |
         Sewer |    148 |    148 |      0 |      0 |     93 |   1 |  148.0 |
      Ice Cave |    898 |    898 |      0 |      6 |    616 |   1 |  898.0 |
               +--------+--------+--------+--------+--------+-----+--------+

Top non-repeatable levels by time:
   Orc:1: 3745 daAuts
    D:11: 3092 daAuts
Vaults:4: 2778 daAuts
 Swamp:4: 2292 daAuts
Vaults:2: 2265 daAuts
 Swamp:3: 2096 daAuts
Vaults:3: 2094 daAuts
Spider:2: 2007 daAuts
Depths:2: 1999 daAuts
Depths:3: 1973 daAuts
Spider:4: 1909 daAuts
  Lair:4: 1893 daAuts
Vaults:1: 1885 daAuts
  Lair:2: 1836 daAuts
  Lair:1: 1766 daAuts
